 Dungeon Crawl Stone Soup version 0.32-a0-163-g159c032296 (webtiles) character file.

Game seed: 17300937644541819721

5961 Asceticacid the Blocker (level 10, -1/82 HPs)
             Began as a Gnoll Fighter on Feb 11, 2024.
             Was a Priest of Makhleb.
             Slain by a two-headed ogre
             ... wielding a +0 giant spiked club
              (12 damage)
             ... on level 9 of the Dungeon.
             The game lasted 00:17:34 (9910 turns).

Asceticacid the Blocker (Gnoll Fighter)             Turns: 9910, Time: 00:17:34

Health: -1/82      AC:  9    Str: 15    XL:     10   Next: 84%
Magic:  18/18      EV: 12    Int:  8    God:    Makhleb [***...]
Gold:   549        SH:  6    Dex: 16    Spells: 20/20 levels left

rFire   + + .        b - +4 flail (protect)
rCold   . . .        c - +0 buckler
rNeg    . . .        C - +0 scale mail
rPois   .            (no helmet)
rElec   .            n - +0 cloak
rCorr   .            (no gloves)
SInv    +            (no boots)
Will    .....        (no amulet)
Stlth   ++           g - ring of Dithmenos's Generosity {rF+ SInv}
HPRegen 0.33/turn    i - ring of protection from fire
MPRegen 0.16/turn

%: no passive effects
@: no status effects
A: fangs 1, strong nose, distributed training
a: Renounce Religion, Minor Destruction, Lesser Servant of Makhleb


You were on level 9 of the Dungeon.
You worshipped Makhleb.
Makhleb was most pleased with you.
You visited 1 branch of the dungeon, and saw 9 of its levels.

You collected 549 gold pieces.

Inventory:

Hand Weapons
 a - a +1 whip of venom
 b - a +4 flail of protection (weapon)
Missiles
 F - 4 javelins (quivered)
 K - a throwing net
Armour
 c - a +0 buckler (worn)
 n - a +0 cloak (worn)
 C - a +0 scale mail (worn)
Jewellery
 g - the ring of Dithmenos's Generosity (left hand) {rF+ SInv}
   (You acquired it on level 2 of the Dungeon)

   [ring of protection from fire]

   rF+:       It protects you from fire.
   SInv:      It lets you see invisible.
 i - a ring of protection from fire (right hand)
 j - a ring of flight
 H - a ring of wizardry
Talismans
 e - a granite talisman
Wands
 m - a wand of polymorph (9)
 D - a wand of iceblast (7)
 I - a wand of light (18)
 L - a wand of flame (17)
Scrolls
 f - 3 scrolls of fog
 k - 3 scrolls of teleportation
 s - a scroll of blinking {unknown}
 t - a scroll of acquirement
 u - 5 scrolls of enchant weapon {unknown}
 v - 3 scrolls of fear {unknown}
 w - a scroll of amnesia
 x - 2 scrolls of brand weapon {unknown}
 y - a scroll of enchant armour {unknown}
 B - a scroll of revelation {unknown}
 E - a scroll of identify
 J - a scroll of silence
 M - a scroll of immolation {unknown}
Potions
 d - 6 potions of might
 h - a potion of heal wounds
 l - 2 potions of magic
 o - a potion of lignification
 p - 3 potions of resistance
 r - 2 potions of brilliance {unknown}
 z - a potion of degeneration {unknown}
 A - 4 potions of enlightenment
 G - a potion of ambrosia {unknown}


   Skills:
 + Level 8.9 Fighting
 + Level 5.8 Short Blades
 + Level 5.8 Long Blades
 + Level 5.8 Axes
 + Level 7.5 Maces & Flails
 + Level 5.8 Polearms
 + Level 5.8 Staves
 + Level 5.8 Ranged Weapons
 + Level 5.8 Throwing
 + Level 8.9 Armour
 + Level 5.8 Dodging
 + Level 5.8 Stealth
 + Level 8.9 Shields
 + Level 5.8 Unarmed Combat
 + Level 5.8 Spellcasting
 + Level 4.8 Conjurations
 + Level 4.8 Hexes
 + Level 4.8 Summonings
 + Level 4.8 Necromancy
 + Level 4.8 Translocations
 + Level 4.8 Fire Magic
 + Level 4.8 Ice Magic
 + Level 4.8 Air Magic
 + Level 4.8 Earth Magic
 + Level 4.8 Alchemy
 + Level 6.4 Invocations
 + Level 5.8 Evocations
 + Level 5.3 Shapeshifting


You had 20 spell levels left.
You didn't know any spells.
Your spell library contained the following spells:

 Spells                   Type           Power      Damage    Failure   Level
 Magic Dart               Conj           40%        1d5       13%         1
 Blink                    Tloc           20%        N/A       19%         2
 Call Imp                 Summ           20%        N/A       19%         2
 Cigotuvi's Dreadful Rot  Necr/Alch/Air  20%        N/A       19%         2
 Dazzling Flash           Conj/Hex       20%        N/A       36%         3
 Mephitic Cloud           Conj/Alch/Air  10%        N/A       36%         3
 Volatile Blastmotes      Fire/Tloc      20%        2d11      36%         3
 Animate Armour           Summ/Erth      20%        N/A       77%         4
 Ignite Poison            Fire/Alch      10%        N/A       77%         4
 Summon Lightning Spire   Summ/Air       10%        N/A       77%         4
 Curse of Agony           Necr           10%        N/A       98%         5
 Freezing Cloud           Conj/Ice/Air   5%         6-21      98%         5
 Lee's Rapid Deconstruct  Erth           5%         3d6*      98%         5
 Silence                  Hex/Air        5%         N/A       98%         5
 Sculpt Simulacrum        Ice/Alch       5%         N/A       100%        6
 Starburst                Conj/Fire      5%         6d4       100%        6
 Ozocubu's Refrigeration  Ice            5%         4d8       100%        7
 Maxwell's Capacitive Co  Air            5%         ∞         100%        8
 Polar Vortex             Ice            5%         N/A       100%        9


Dungeon Overview and Level Annotations

Branches:
Dungeon (9/15)             Temple (0/1) D:6            Lair (0/5) D:8
    Orc: D:9-12

Altars:
Makhleb
Ru
Uskayaw
Wu Jian
Xom
Yredelemnul
Zin

Annotations:
D:5 1 runed translucent door, Crazy Yiuf


Innate Abilities, Weirdness & Mutations

You have very sharp teeth.
Your uncanny sense of smell can sniff out nearby items.
Your experience applies equally to all skills.


Message History

The yak is lightly wounded.
Your orange demon barely misses the yak.
The yak gores you! x2
You sock the yak!
The yak is moderately wounded.
Your orange demon stings the yak from afar!
The yak gores you! The yak barely misses you.
You are too injured to fight recklessly!
Your orange demon stings the yak from afar!
Your orange demon stings the yak!
The yak dies!
Makhleb accepts your kill.
Your orange demon stings the yak.
Your orange demon hits the yak.
The yak looks weaker.
You block the yak's attack.
Your orange demon stings the yak!
Your orange demon closely misses the yak.
Your orange demon stings the yak from afar.
Your orange demon stings the yak but does no damage.
Your orange demon hits the yak.
The yak gores your orange demon.
Your orange demon stings the yak!
The yak dies!
Makhleb accepts your kill.
A demon appears!
The two-headed ogre attacks as it pursues you!
The two-headed ogre closely misses you.
The two-headed ogre hits you with a +0 giant club!
* * * LOW HITPOINT WARNING * * *
Your smoke demon barely misses the two-headed ogre.
Your smoke demon hits the two-headed ogre. x2
Okay, then.
Okay, then.
Found a stone staircase leading down.
Your smoke demon hits the two-headed ogre.
Your smoke demon barely misses the two-headed ogre.
Your smoke demon hits the two-headed ogre.
The two-headed ogre attacks as it pursues you!
The two-headed ogre hits you with a +0 giant spiked club!
* * * LOW HITPOINT WARNING * * *
The two-headed ogre hits you with a +0 giant club!
You die...

....# ....############
...............
.........[...#
.............#
.............#
......$......###########
.......†..............>.
......†....4...O@.......
#............3.#########
#).###########.# #..#
#.# #..###### #.#
<......... ..#
.......... ...
.......... ...
.#########


You could see a two-headed ogre (ally target), a friendly orange demon
(summoned) and a friendly smoke demon (summoned).

Vanquished Creatures
  A troll (D:8)
  Sigmund (D:6)
  4 steam dragons
  Edmund (D:6)
  5 sky beasts (D:8)
  2 ice beasts (D:6)
  An orc warrior (D:6)
  2 crocodiles (D:8)
  2 black bears (D:6)
  An ogre (D:5)
  A wolf (D:8)
  2 centaurs
  2 phantoms
  2 bullfrogs
  3 scorpions
  5 wights (D:6)
  2 killer bees (D:8)
  An electric eel (D:8)
  2 orc priests
  A bombardier beetle (D:7)
  10 hounds
  3 jellies
  A sleepcap (D:6)
  5 iguanas
  2 orc wizards
  A killer bee zombie (D:8)
  9 gnolls
  7 adders
  4 white imps
  7 dart slugs
  3 ribbon worms
  25 orcs
  9 ball pythons
  6 bats
  9 endoplasms
  6 giant cockroaches
  6 goblins
  9 hobgoblins
  5 quokkas
  3 frilled lizards
  6 kobolds
  5 rats (D:1)
182 creatures vanquished.

Vanquished Creatures (collateral kills)
  A hornet (D:8)
  4 yaks (D:9)
  A wyvern (D:8)
  A steam dragon (D:8)
  A water moccasin (D:8)
  2 crocodiles (D:8)
  A kobold brigand (D:9)
  A gnoll sergeant (D:8)
  4 electric eels (D:8)
  A hound (D:8)
  2 iguanas (D:8)
  4 gnolls (D:8)
  2 kobolds (D:9)
25 creatures vanquished.

Grand Total: 207 creatures vanquished

Notes
Turn   | Place    | Note
-------+----------+-------------------------------------------
     0 | D:1      | Asceticacid the Gnoll Fighter began the quest for the Orb.
     0 | D:1      | Reached XP level 1. HP: 23/23 MP: 1/1
    80 | D:1      | Reached XP level 2. HP: 19/29 MP: 2/2
   540 | D:1      | Reached XP level 3. HP: 32/35 MP: 3/3
   886 | D:2      | Reached skill level 1 in Invocations
   938 | D:2      | Identified a scroll of acquirement
   938 | D:2      | Acquired the ring of Dithmenos's Generosity {rF+ SInv}
   976 | D:2      | Found a faded altar of an unknown god.
   994 | D:2      | Reached skill level 1 in Short Blades
   994 | D:2      | Reached skill level 1 in Long Blades
   994 | D:2      | Reached skill level 1 in Axes
   994 | D:2      | Reached skill level 1 in Polearms
   994 | D:2      | Reached skill level 1 in Staves
   994 | D:2      | Reached skill level 1 in Ranged Weapons
   994 | D:2      | Reached skill level 1 in Throwing
   994 | D:2      | Reached skill level 1 in Dodging
   994 | D:2      | Reached skill level 1 in Stealth
   994 | D:2      | Reached skill level 1 in Unarmed Combat
   994 | D:2      | Reached skill level 1 in Spellcasting
   994 | D:2      | Reached skill level 1 in Evocations
  1046 | D:2      | Found a hide-covered altar of Uskayaw.
  1060 | D:2      | Reached skill level 1 in Shapeshifting
  1060 | D:2      | Reached XP level 4. HP: 26/41 MP: 5/5
  1448 | D:3      | Reached skill level 1 in Conjurations
  1448 | D:3      | Reached skill level 1 in Hexes
  1448 | D:3      | Reached skill level 1 in Summonings
  1448 | D:3      | Reached skill level 1 in Necromancy
  1448 | D:3      | Reached skill level 1 in Translocations
  1448 | D:3      | Reached skill level 1 in Fire Magic
  1448 | D:3      | Reached skill level 1 in Ice Magic
  1448 | D:3      | Reached skill level 1 in Air Magic
  1448 | D:3      | Reached skill level 1 in Earth Magic
  1448 | D:3      | Reached skill level 1 in Alchemy
  1459 | D:3      | Reached XP level 5. HP: 17/47 MP: 5/7
  1602 | D:3      | Found a burning altar of Makhleb.
  1602 | D:3      | Found an ornate altar of the Wu Jian Council.
  1622 | D:3      | Found a basalt altar of Yredelemnul.
  1622 | D:3      | Found a shimmering altar of Xom.
  1631 | D:3      | Found a glowing silver altar of Zin.
  1631 | D:3      | Found a hide-covered altar of Uskayaw.
  1632 | D:3      | Found a sacrificial altar of Ru.
  1643 | D:3      | Became a worshipper of Makhleb the Destroyer
  2530 | D:4      | Reached XP level 6. HP: 35/53 MP: 8/8
  2614 | D:4      | Reached skill level 5 in Maces & Flails
  2670 | D:4      | Reached * piety under Makhleb
  3415 | D:4      | Reached XP level 7. HP: 41/60 MP: 10/10
  3565 | D:5      | Entered Level 5 of the Dungeon
  3685 | D:5      | Reached ** piety under Makhleb
  4118 | D:5      | Found a runed translucent door.
  4119 | D:5      | Noticed Crazy Yiuf
  4789 | D:6      | Noticed Sigmund
  4800 | D:6      | Killed Sigmund
  4801 | D:6      | Reached XP level 8. HP: 67/67 MP: 12/12
  5210 | D:6      | Noticed Edmund
  5271 | D:6      | Killed Edmund
  5566 | D:6      | Found a staircase to the Ecumenical Temple.
  5907 | D:6      | Reached XP level 9. HP: 63/73 MP: 13/15
  6918 | D:7      | Identified the +1 flail "Trog's Righteous Anger" {flame,
                  | Str+3}
  6926 | D:7      | Reached *** piety under Makhleb
  6927 | D:7      | Reached skill level 5 in Invocations
  7536 | D:8      | Noticed a troll
  7554 | D:8      | Killed a troll
  7555 | D:8      | Reached skill level 5 in Short Blades
  7555 | D:8      | Reached skill level 5 in Long Blades
  7555 | D:8      | Reached skill level 5 in Axes
  7555 | D:8      | Reached skill level 5 in Polearms
  7555 | D:8      | Reached skill level 5 in Staves
  7555 | D:8      | Reached skill level 5 in Ranged Weapons
  7555 | D:8      | Reached skill level 5 in Throwing
  7555 | D:8      | Reached skill level 5 in Dodging
  7555 | D:8      | Reached skill level 5 in Stealth
  7555 | D:8      | Reached skill level 5 in Unarmed Combat
  7555 | D:8      | Reached skill level 5 in Spellcasting
  7555 | D:8      | Reached skill level 5 in Evocations
  7555 | D:8      | Reached XP level 10. HP: 72/82 MP: 17/17
  8577 | D:8      | Found a staircase to the Lair.
  8894 | D:8      | Reached skill level 5 in Shapeshifting
  9384 | D:8      | Paralysed by a hornet for 2 turns
  9641 | D:8      | Noticed a two-headed ogre
  9641 | D:8      | Noticed a two-headed ogre
  9835 | D:9      | Noticed a two-headed ogre
  9910 | D:9      | Slain by a two-headed ogre

Illustrated notes

Levels and vault maps discovered:
D:1:      heliophobic_arrival_enchanted_forest, layout_basic
D:2:      layout_rooms, ebering_ecumenical_altar_webs, basic_altar
D:3:      layout_loops_ring, grunt_temple_overflow_open,
          kennysheep_generic_room_10
D:4:      layout_loops_cross, wad_floor_pattern_1, minmay_fountain_box,
          hangedman_minor_gate_pass
D:5:      layout_cave_pods, kennysheep_cluttered_room, uniq_crazy_yiuf_cottage
D:6:      kennysheep_steamy, layout_basic, minmay_temple_entry_stoned_glass,
          dreamdust_princess_bridge, lightli_orcish_oven, uniq_edmund,
          uniq_sigmund
D:7:      layout_rooms
D:8:      regret_index_malice_mire, layout_loops_ring, erik_lair_island,
          minmay_misc_feat_chi, minmay_crystal_water
D:9:      layout_long_grid, orc_0_dummy

Skill      XL: |  1  2  3  4  5  6  7  8  9 10 |
---------------+-------------------------------+-----
Invocations    | 1 2 3 4 5 6 |  6.4
Short Blades   | 1 2 3 4 5 |  5.8
Long Blades    | 1 2 3 4 5 |  5.8
Axes           | 1 2 3 4 5 |  5.8
Polearms       | 1 2 3 4 5 |  5.8
Staves         | 1 2 3 4 5 |  5.8
Ranged Weapons | 1 2 3 4 5 |  5.8
Throwing       | 1 2 3 4 5 |  5.8
Dodging        | 1 2 3 4 5 |  5.8
Stealth        | 1 2 3 4 5 |  5.8
Unarmed Combat | 1 2 3 4 5 |  5.8
Spellcasting   | 1 2 3 4 5 |  5.8
Evocations     | 1 2 3 4 5 |  5.8
Shapeshifting  | 1 2 3 4 5 |  5.3
Conjurations   | 1 2 3 4 |  4.8
Hexes          | 1 2 3 4 |  4.8
Summonings     | 1 2 3 4 |  4.8
Necromancy     | 1 2 3 4 |  4.8
Translocations | 1 2 3 4 |  4.8
Fire Magic     | 1 2 3 4 |  4.8
Ice Magic      | 1 2 3 4 |  4.8
Air Magic      | 1 2 3 4 |  4.8
Earth Magic    | 1 2 3 4 |  4.8
Alchemy        | 1 2 3 4 |  4.8
Maces & Flails | 5 6 7 |  7.5
Fighting       | 7 8 |  8.9
Armour         | 7 8 |  8.9
Shields        | 7 8 |  8.9

Action                     |  1- 3 |  4- 6 |  7- 9 | 10-12 || total
---------------------------+-------+-------+-------+-------++-------
  Melee: Flail             |    81 |   142 |   178 |   115 ||   516
         Bite              |     8 |    24 |    37 |    16 ||    85
         Whip              |       |    87 |   129 |       ||   216
  Throw: Javelin           |       |     2 |     8 |     2 ||    12
 Invoke: Lesser Servant of |       |       |       |    13 ||    13
  Evoke: Wand              |       |       |     2 |     1 ||     3
    Use: Scroll            |     8 |     1 |     3 |     2 ||    14
         Potion            |       |       |       |     1 ||     1
   Stab: Distracted        |       |       |     1 |       ||     1
 Armour: Scale mail        |    55 |   114 |   204 |   144 ||   517
         Skin              |       |       |    13 |       ||    13
  Dodge: Dodged            |    38 |    77 |   134 |    78 ||   327
  Block: Buckler           |    25 |    57 |    84 |    54 ||   220

Table legend: (Time is in decaauts)
 A = Elapsed time spent in this place.
 B = Non-inter-level travel time spent in this place.
 C = Inter-level travel time spent in this place.
 D = Time resting spent in this place.
 E = Time spent auto-exploring this place.
 F = Levels seen in this place.
 G = Mean time per level.
                   A        B        C        D        E       F      G
               +--------+--------+--------+--------+--------+-----+--------+
         Total |   9967 |   9686 |    281 |   2197 |   5033 |   9 | 1107.4 |
       Dungeon |   9967 |   9686 |    281 |   2197 |   5033 |   9 | 1107.4 |
               +--------+--------+--------+--------+--------+-----+--------+

Top non-repeatable levels by time:
     D:8: 2541 daAuts
     D:6: 1976 daAuts
     D:5: 1302 daAuts
     D:4: 1106 daAuts
     D:3: 989 daAuts
     D:1: 838 daAuts
     D:2: 665 daAuts
     D:7: 480 daAuts
     D:9: 66 daAuts
